 Dungeon Crawl Stone Soup version 0.28.0-53-g5a82cb258f (webtiles) character file.

Game seed: 14981174485823169990

311 oldmanjim the Changer (level 6, 0/48 HPs)
             Began as a Draconian Transmuter on Aug 2, 2022.
             Slain by a sky beast (5 damage)
             ... on level 3 of the Dungeon.
             The game lasted 00:16:50 (2886 turns).

oldmanjim the Changer (Draconian Transmuter)        Turns: 2886, Time: 00:16:50

Health: 0/48       AC:  9    Str: 11    XL:     6   Next: 18%
Magic:  9/10       EV: 12    Int: 14    God:
Gold:   99         SH:  0    Dex: 13    Spells: 7/11 levels left

rFire   . . .      SeeInvis .     - Unarmed
rCold   . . .      Faith    .   (no shield)
rNeg    + + .      Spirit   .   (armour unavailable)
rPois   +          Reflect  .   (helmet currently unavailable)
rElec   .          Harm     .   k - +2 ratskin cloak {*Rats rPois rN+ Str-1 Int-1 Dex+1}
rCorr   .          Rampage  .   (no gloves)
Will    .....                   (boots currently unavailable)
Stlth   +.........              (no amulet)
HPRegen 0.16/turn               h - ring of positive energy
MPRegen 0.12/turn               (no ring)

@: appendages
A: horns 2, talons 2, AC +6, unfitting armour, cold-blooded
a: End Transformation


You were on level 3 of the Dungeon.
You had temporarily grown beastly horns and talons.
You visited 1 branch of the dungeon, and saw 3 of its levels.
You also visited: Sewer.

You collected 99 gold pieces.

Inventory:

Armour
 f - a +0 buckler
 k - the +2 ratskin cloak (worn) {*Rats rPois rN+ Str-1 Int-1 Dex+1}
   (You found it in a sewer)

   When the wearer is hurt, rats may emerge from it to assist them.
   Str:       It affects your strength (-1).
   Int:       It affects your intelligence (-1).
   Dex:       It affects your dexterity (+1).
   rPois:     It protects you from poison.
   rN:        It protects you from negative energy.
Jewellery
 h - a ring of positive energy (left hand)
Scrolls
 b - 3 scrolls of enchant armour {unknown}
 c - a scroll of vulnerability {unknown}
 d - 3 scrolls of identify {unknown}
 i - a scroll of enchant weapon {unknown}
 l - a scroll of summoning {unknown}
 n - a scroll of noise {unknown}
 p - a scroll of teleportation
Potions
 a - 2 potions of lignification {unknown}
 e - a potion of haste {unknown}
 g - 2 potions of curing {unknown}
 j - 2 potions of brilliance {unknown}
 m - a potion of magic {unknown}
 o - a potion of invisibility {unknown}


   Skills:
 - Level 2.0 Fighting
 - Level 1.7 Dodging
 - Level 4.0 Unarmed Combat
 - Level 3.0 Spellcasting
 + Level 4.8 Transmutations
 + Level 1.7 Poison Magic


You had 7 spell levels left.
You knew the following spells:

 Your Spells              Type           Power      Damage    Failure   Level
a - Beastly Appendage     Tmut           30%        N/A       3%          1
b - Spider Form           Tmut/Pois      11%        N/A       17%         3

Your spell library contained the following spells:

 Spells                   Type           Power      Damage    Failure   Level
 Wereblood                Tmut           15%        N/A       4%          2
 Magic Dart               Conj           8%         1d3       22%         1
 Searing Ray              Conj           4%         2d4       32%         2
 Ice Form                 Ice/Tmut       8%         N/A       63%         4
 Fulminant Prism          Conj/Hex       1%         3d6       91%         4


Dungeon Overview and Level Annotations

Branches:
Dungeon (3/15)              Sewer (visited)

Altars:


Innate Abilities, Weirdness & Mutations

You have temporarily grown beastly horns and talons.
Your plain brown scales are hard. (AC +6)
You cannot fit into any form of body armour.
You are cold-blooded and may be slowed by cold attacks.


Message History

A sky beast appears from thin air!
Reactivating autopickup.
You barely miss the sky beast.
Your tail-slap misses the sky beast.
The sky beast is heavily wounded.
The sky beast hits you. The sky beast shocks you.
* * * LOW HITPOINT WARNING * * *
A river rat scurries out from under your cloak.
Unknown command.
Your river rat bites the sky beast.
The sky beast flickers out of sight!
Deactivating autopickup; reactivate with Ctrl-A.
Your transformation is almost over.
Your river rat returns to the shadows of the Dungeon!
Your horns disappear.
Your talons disappear.
A sky beast appears from thin air!
Reactivating autopickup.
Casting: Beastly Appendage (safe; 3% risk of failure)
Confirm with . or Enter, or press ? or * to list all spells.
You grow a pair of large bovine horns.
Your feet morph into talons.
The sky beast barely misses you. The sky beast hits you.
* * * LOW HITPOINT WARNING * * *
The sky beast shocks you.
* * * LOW HITPOINT WARNING * * *
You closely miss the sky beast.
Your tail-slap misses the sky beast.
The sky beast is heavily wounded.
The sky beast hits you but does no damage.
You closely miss the sky beast. Your kick misses the sky beast.
You headbutt the sky beast, but do no damage.
The sky beast is heavily wounded.
The sky beast hits you but does no damage.
You barely miss the sky beast.
You punch the sky beast, but do no damage.
The sky beast is heavily wounded.
The sky beast flickers out of sight!
Deactivating autopickup; reactivate with Ctrl-A.
Something hits you.
* * * LOW HITPOINT WARNING * * *
Something shocks you.
You die...

..... #.# #..........
..... #####.####
#..##.##..# ##...
#........# #..##.##..#
#... #.###.##.#
#..)#.##..# #... ##.##.#
#...).....# .... #...#.#
##).####.## #. #...#.#
#..####.# #. #.{.#.#
#.......# #>###@##.#
##.###### #..#...#.#
#.#.## #
####........#####....####
+.......................+
##.......######....####
##.....## #.#.## #
##.#### #.### #.# #.# #'#
#.# #.#


There were no monsters in sight!

Vanquished Creatures
  Pargi (Sewer)
  A bullfrog (D:3)
  A hound (D:3)
  3 gnolls (D:3)
  3 adders (D:2)
  A river rat (D:3)
  3 dart slugs
  2 orcs (D:3)
  3 ball pythons
  4 endoplasms
  3 giant cockroaches
  4 hobgoblins
  A jackal (D:2)
  A kobold (D:1)
  4 quokkas
  4 bats
  11 frilled lizards
  3 goblins
  5 rats
58 creatures vanquished.

Vanquished Creatures (others)
  2 plants (D:2)
2 creatures vanquished.

Grand Total: 60 creatures vanquished

Notes
Turn   | Place    | Note
-------+----------+-------------------------------------------
     0 | D:1      | oldmanjim the Draconian Transmuter began the quest for the
                  | Orb.
     0 | D:1      | Reached XP level 1. HP: 16/16 MP: 3/3
   138 | D:1      | Reached XP level 2. HP: 23/23 MP: 3/5
   383 | D:1      | Found a faded altar of an unknown god.
   815 | D:2      | Reached XP level 3. HP: 13/28 MP: 6/6
  1612 | D:3      | Reached XP level 4. HP: 20/35 MP: 6/8
  1689 | D:3      | Noticed a bullfrog
  1700 | D:3      | Killed a bullfrog
  1701 | D:3      | Reached XP level 5. HP: 23/41 MP: 7/9
  1704 | D:3      | Found a glowing drain.
  1819 | Sewer    | Entered a sewer
  1982 | Sewer    | Learned a level 3 spell: Spider Form
  1997 | Sewer    | Noticed Pargi
  2024 | Sewer    | Killed Pargi
  2025 | Sewer    | Reached skill level 1 in Poison Magic
  2025 | Sewer    | Reached XP level 6. HP: 13/48 MP: 8/10
  2287 | Sewer    | Found the +2 ratskin cloak {*Rats rPois rN+ Str-1 Int-1
                  | Dex+1}
  2818 | D:3      | Noticed a sky beast
  2886 | D:3      | Slain by a sky beast

Illustrated notes

Levels and vault maps discovered:
D:1:      roderic_dead_forest, layout_rooms, hellmonk_ecumenical_altar_zigzags,
          nrook_loot_triangle
D:2:      layout_rooms, serial_bayou, serial_bayou_pond_d, serial_bayou_pond_b,
          serial_bayou_shore_b, serial_bayou_pond_a, serial_bayou_shore_a
D:3:      layout_loops_corners, portal_sewer_entry_b

Skill      XL: |  1  2  3  4  5  6 |
---------------+-------------------+-----
Transmutations | 3 4 |  4.8
Spellcasting   | 3 |  3.0
Fighting       | 2 |  2.0
Poison Magic   | 1 |  1.7
Unarmed Combat | 4 |  4.0
Dodging        | |  1.7

Action                   |  1- 3 |  4- 6 || total
-------------------------+-------+-------++-------
Melee: Unarmed           |   109 |    86 ||   195
       Tailslap          |    14 |     6 ||    20
       Headbutt          |     7 |     7 ||    14
       Kick              |    13 |    12 ||    25
       Punch             |     2 |     4 ||     6
 Cast: Beastly Appendage |    18 |    12 ||    30
       Spider Form       |       |     1 ||     1
  Use: Scroll            |     1 |       ||     1
 Stab: Sleeping          |       |     1 ||     1
Armor: Skin              |    36 |    23 ||    59
Dodge: Dodged            |    68 |    85 ||   153
